 Dungeon Crawl Stone Soup version 0.29-a0-923-g6e406bff71 (webtiles) character file.

Game seed: 3095907279394175988

317175 GrandHerb the Tortoise (level 20, -11/187 HPs)
             Began as a Minotaur Fighter on July 27, 2022.
             Was the Champion of the Shining One.
             Mangled by a deep troll (17 damage)
             ... on level 2 of the Depths on July 28, 2022.
             The game lasted 05:59:48 (56984 turns).

GrandHerb the Tortoise (Minotaur Fighter)          Turns: 56984, Time: 05:59:49

Health: -11/187    AC: 27    Str: 27    XL:     20   Next: 89%
Magic:  30/30      EV: 21    Int:  4    God:    the Shining One [******]
Gold:   4604       SH: 23    Dex: 19    Spells: 19/19 levels left

rFire   . . .      SeeInvis +   a - +0 trident
rCold   . . .      Faith    .   h - +2 tower shield
rNeg    + + +      Spirit   .   X - +2 chain mail {Will+}
rPois   +          Reflect  .   (helmet restricted)
rElec   .          Harm     .   I - +1 cloak
rCorr   .          Rampage  .   b - +0 pair of gloves {Dex+3}
Will    ++...                   J - +0 pair of boots {Fly}
Stlth   ..........              S - amulet of magic regeneration
HPRegen 0.41/turn               A - +4 ring of protection
MPRegen 0.62/turn               H - +4 ring of evasion

@: flying, glowing
A: horns 2, retaliatory headbutt, talons 1, see invisible, agile 1, poison
resistance
}: 1/15 runes: decaying
a: Renounce Religion, Divine Shield, Cleansing Flame, Summon Divine Warrior,
Brand Weapon With Holy Wrath


You were on level 2 of the Depths.
You worshipped the Shining One.
The Shining One was exalted by your worship.
You visited 10 branches of the dungeon, and saw 35 of its levels.
You visited the Abyss 2 times.
You also visited: Sewer.

You collected 4845 gold pieces.
You spent 195 gold pieces at shops.
You donated 46 gold pieces to Zin.

Inventory:

Hand Weapons
 a - a +0 trident (weapon)
Armour
 b - a +0 pair of gloves of dexterity (worn)
 h - a +2 tower shield (worn)
 I - a +1 cloak (worn)
 J - a +0 pair of boots of flying (worn)
 X - a +2 chain mail of willpower (worn)
Jewellery
 A - a +4 ring of protection (left hand)
 C - a ring of fire
 H - a +4 ring of evasion (right hand)
 S - an amulet of magic regeneration (around neck)
 Z - a ring of protection from cold
Wands
 o - a wand of flame (129)
 q - a wand of digging (19)
 s - a wand of iceblast (1)
 t - a wand of light (22)
 O - a wand of mindburst (34)
 U - a wand of polymorph (19)
 V - a wand of paralysis (18)
Scrolls
 c - a scroll of identify
 f - 7 scrolls of teleportation
 g - 7 scrolls of enchant armour
 l - 4 scrolls of fear
 p - 10 scrolls of poison
 r - 11 scrolls of amnesia
 u - 11 scrolls of immolation
 v - 5 scrolls of magic mapping
 w - 3 scrolls of summoning
 G - 2 scrolls of silence
 R - 2 scrolls of enchant weapon
Potions
 d - 5 potions of might
 e - a potion of mutation
 i - 2 potions of ambrosia
 j - 5 potions of curing
 m - a potion of resistance {unknown}
 n - a potion of haste
 x - 5 potions of cancellation
 z - 2 potions of magic
 K - 3 potions of brilliance
 M - 6 potions of lignification
 N - 5 potions of berserk rage
Miscellaneous
 F - a lightning rod (4/4)
 P - a phial of floods


   Skills:
 + Level 18.1 Fighting
 + Level 18.0 Polearms
 + Level 18.2 Armour
 + Level 16.4 Dodging
 + Level 17.9 Shields
 + Level 15.1 Invocations
 + Level 13.8 Evocations


You had 19 spell levels left.
You didn't know any spells.
Your spell library contained the following spells:

 Spells                   Type           Power      Damage    Failure   Level
 Apportation              Tloc           0%         N/A       99%         1
 Beastly Appendage        Tmut           0%         N/A       99%         1
 Foxfire                  Conj/Fire      0%         2x1d4     99%         1
 Necrotise                Necr           0%         1d4       99%         1
 Slow                     Hex            0%         N/A       99%         1
 Summon Small Mammal      Summ           0%         N/A       99%         1
 Ensorcelled Hibernation  Hex/Ice        0%         N/A       100%        2
 Poisonous Vapours        Pois/Air       0%         N/A       100%        2
 Scorch                   Fire           0%         2d5       100%        2
 Static Discharge         Conj/Air       0%         3-3/arc   100%        2
 Wereblood                Tmut           0%         N/A       100%        2
 Confusing Touch          Hex            0%         N/A       100%        3
 Conjure Flame            Conj/Fire      0%         6-21      100%        3
 Gell's Gravitas          Tloc           0%         N/A       100%        3
 Ignite Poison            Fire/Tmut/Pois 0%         N/A       100%        3
 Inner Flame              Hex/Fire       0%         N/A       100%        3
 Lesser Beckoning         Tloc           0%         N/A       100%        3
 Mephitic Cloud           Conj/Pois/Air  0%         N/A       100%        3
 Ozocubu's Armour         Ice            0%         N/A       100%        3
 Spider Form              Tmut/Pois      0%         N/A       100%        3
 Teleport Other           Tloc           0%         N/A       100%        3
 Vampiric Draining        Necr           0%         2d6       100%        3
 Anguish                  Hex/Necr       0%         N/A       100%        4
 Corpse Rot               Necr/Pois/Air  0%         N/A       100%        4
 Flame Wave               Conj/Fire      0%         2d4       100%        4
 Fulminant Prism          Conj/Hex       0%         3d6       100%        4
 Hailstorm                Conj/Ice       0%         3d3       100%        4
 Ice Form                 Ice/Tmut       0%         N/A       100%        4
 Iskenderun's Mystic Bla  Conj/Tloc      0%         2d3       100%        4
 Leda's Liquefaction      Hex/Erth       0%         N/A       100%        4
 Passage of Golubria      Tloc           0%         N/A       100%        4
 Summon Ice Beast         Ice/Summ       0%         N/A       100%        4
 Agony                    Necr           0%         N/A       100%        5
 Alistair's Intoxication  Tmut/Pois      0%         N/A       100%        5
 Borgnjor's Vile Clutch   Necr/Erth      0%         N/A       100%        5
 Freezing Cloud           Conj/Ice/Air   0%         6-21      100%        5
 Lee's Rapid Deconstruct  Erth           0%         3d5*      100%        5
 Lightning Bolt           Conj/Air       0%         1d11      100%        5
 Silence                  Hex/Air        0%         N/A       100%        5
 Summon Mana Viper        Hex/Summ       0%         N/A       100%        5
 Eringya's Noxious Bog    Tmut/Pois      0%         N/A       100%        6
 Simulacrum               Ice/Necr       0%         N/A       100%        6
 Statue Form              Tmut/Erth      0%         N/A       100%        6
 Summon Cactus Giant      Summ           0%         N/A       100%        6
 Monstrous Menagerie      Summ           0%         N/A       100%        7
 Ozocubu's Refrigeration  Ice            0%         4d5       100%        7
 Lehudib's Crystal Spear  Conj/Erth      0%         10d2      100%        8
 Maxwell's Capacitive Co  Air            0%         ∞         100%        8


Dungeon Overview and Level Annotations

Branches:
Dungeon (15/15)            Temple (1/1) D:5            Lair (5/5) D:9
  Swamp (4/4) Lair:2        Snake (0/4) Lair:3        Slime (0/5) Lair:5
    Orc (2/2) D:11            Elf (1/3) Orc:2        Vaults (3/5) D:13
  Crypt (1/3) Vaults:3     Depths (2/4) D:15           Hell (visited)
    Dis (0/7) Hell            Geh (0/7) Hell            Coc (0/7) Hell
    Tar (0/7) Hell          Sewer (visited)

Altars:
Ashenzari
Cheibriados
Dithmenos
Elyvilon
Fedhas
Gozag
Hepliaklqana
Kikubaaqudgha
Makhleb
Nemelex Xobeh
Okawaru
Qazlal
Ru
Sif Muna
Trog
Uskayaw
Vehumet
Wu Jian
Xom
Yredelemnul
Zin
The Shining One
Lugonu

Shops:
D:10 *   D:11 *   Orc:2 [([*=   Vaults:3 [

Portals:
Hell: Depths:1
Abyss: Lair:5
Pandemonium: Depths:2
Trove: Vaults:3 (give +5 ice dragon scales)

Annotations:
Swamp:4 2 transporters, Jano's ghost, adept DsHu


Innate Abilities, Weirdness & Mutations

You have a pair of horns on your head.
You reflexively headbutt those who attack you in melee.
You have sharp toenails.
You have supernaturally acute eyesight. (SInv)
You are agile. (Dex +4, Str/Int -1)
Your system is resistant to poisons. (rPois)


Message History

You block the deep troll's attack. x3
The deep troll attacks as you move away!
The deep troll bites you!
* * * LOW HITPOINT WARNING * * *
You block the deep troll's attack. The deep troll misses you.
You block the spriggan rider's attack. The deep troll bites you!!
* * * LOW HITPOINT WARNING * * *
The deep troll claws you!
* * * LOW HITPOINT WARNING * * *
The deep troll misses you.
Okay, then.
You feel much better. You block the deep troll's attack. x2
The deep troll barely misses you. You block the spriggan's attack.
The spriggan rider hits you from afar with a +0 spear.
* * * LOW HITPOINT WARNING * * *
Reach: a) +0 trident
Press: ? - help, Dir - move target, f - deep troll, p - spriggan
Aim: a deep troll (lightly wounded, fast, strong, haloed, about 14% to evade your +0 trident)
Okay, then.
As you read the scroll of fear, it crumbles to dust.
You assume a fearsome visage.
The spriggan looks frightened!
The spriggan rider resists with almost no effort.
The deep troll shaman looks frightened!
The deep troll looks frightened!
The spriggan howls in fear.
The spriggan rider hits you from afar with a +0 spear.
* * * LOW HITPOINT WARNING * * *
Cornered, the deep troll turns to fight!
The spriggan rider throws an atropa-tipped dart.
You block the atropa-tipped dart.
The spriggan rider throws an atropa-tipped dart.
You block the atropa-tipped dart.
The spriggan rider throws an atropa-tipped dart.
You block the atropa-tipped dart.
Okay, then.
The deep troll attacks as you move away!
The deep troll bites you!!
* * * LOW HITPOINT WARNING * * *
The deep troll completely misses you. You block the deep troll's attack. x2
The deep troll claws you!
You die...

.........>...T....# #..##...
.................####..##...
########...###.........##...
#.i.# #.........##..#
###...# ###...i#.#....#
##.....# ####.........
#.....## #.........
#.....T## #..#######
##.#...@## #..# ###...∩.##
#..# ###....# #..# ##..>###
#..# #<....# #..#
##....###..# #########
##...##...#
##....☼..####))..##...#
#☼........#.....###...#


You could see a deep troll (fast, strong).

Vanquished Creatures
  Frederick (Crypt:1)
  Rupert (D:14)
  3 sphinxes
  A thorn hunter (Swamp:4)
  Frances (Swamp:2)
  A tengu reaver (Depths:2)
  A fenstrider witch (Swamp:1)
  An iron dragon (Hell)
  2 fire giants (Depths:1)
  4 vault wardens
  A ghoul (Crypt:1)
  4 frost giants
  An orc warlord (Orc:2)
  A balrug (Hell)
  Aizul (Swamp:3)
  10 very ugly things
  2 reapers (Hell)
  A war gargoyle (Hell)
  5 ironbound preservers
  5 ironbound thunderhulks
  A vampire knight (Crypt:1)
  2 stone giants
  An eleionoma (Swamp:4)
  5 dire elephants
  A halazid warlock (Hell)
  3 blizzard demons
  2 bunyips
  A green death (Hell)
  8 ettins
  A jiangshi (Crypt:1)
  7 yaktaur captains
  A fire dragon (Depths:2)
  Harold (D:10)
  5 great orbs of eyes
  2 vault guards
  An ogre mage (Vaults:3)
  2 rakshasas (Depths:1)
  5 boulder beetles
  18 hydras
  2 spriggan skeletons (Hell)
  3 ice dragons
  2 catoblepae
  A ghost crab (Swamp:1)
  4 ironbound frosthearts
  12 two-headed ogres
  4 centaur warriors (D:13)
  The ghost of Garessta the Summoner, a journeyman OpSu of Gozag (Lair:1)
  5 alligators
  5 hell hogs (Hell)
  8 deep troll earth magi
  2 tengu warriors (D:15)
  3 spriggan berserkers
  6 death yaks
  A thrashing horror (Lair:5)
  6 sun demons
  A titan zombie (Crypt:1)
  Urug (Orc:2)
  2 deep troll shamans (Depths:1)
  Nergalle (D:10)
  A goliath frog (Lair:2)
  6 iron trolls
  Amaemon (D:8)
  6 skeletal warriors
  An anaconda zombie (Hell)
  A flayed ghost (Hell)
  A shadow demon (Hell)
  34 deep trolls
  3 spriggan druids
  A sea snake (D:12)
  7 bog bodies
  4 swamp dragons
  4 ironbound convokers
  5 wizards
  3 harpies (Vaults:3)
  An orc knight (Orc:2)
  8 lindwurms
  5 phantasmal warriors
  3 deep elf pyromancers
  A harpy (shapeshifter) (D:14)
  4 oklob plants (Lair:4)
  Pikel (D:5)
  16 ugly things
  4 necromancers
  9 elephants
  3 orc sorcerers
  4 manticores
  2 will-o-the-wisps (Swamp:1)
  7 cyclopes
  Maurice (D:8)
  2 centaur zombies
  5 black mambas
  A dire elephant zombie (Hell)
  5 rust devils (Hell)
  A guardian serpent (Depths:1)
  6 vault sentinels
  4 smoke demons
  An orange demon (D:8)
  An eye of devastation (Depths:1)
  An unseen horror (shapeshifter) (D:13)
  A gargoyle (D:13)
  A kobold demonologist (D:8)
  15 cane toads
  A naga skeleton (Hell)
  2 efreet (D:13)
  12 komodo dragons
  9 rime drakes
  A tormentor (Depths:1)
  A freezing wraith (Hell)
  A demonic crawler (Hell)
  A yaktaur (shapeshifter) (Lair:5)
  An ancient zyme (Abyss:3)
  14 yaktaurs
  A sea snake zombie (Hell)
  A hydra zombie (Swamp:2)
  2 tengu conjurers
  2 harpy zombies (D:15)
  7 polar bears
  5 trolls
  3 hydra skeletons (Hell)
  6 hornets
  2 wind drakes (shapeshifter)
  4 raiju (Abyss:3)
  25 blink frogs
  41 slime creatures
  3 tyrant leeches
  2 alligator zombies (Swamp:2)
  4 dream sheep (Lair:4)
  A black mamba zombie (Hell)
  An ettin skeleton (Hell)
  An alligator skeleton (Hell)
  2 large abominations (Lair:5)
  11 spriggans
  4 shadows
  Sigmund (D:2)
  5 wyverns
  A wraith (D:12)
  A spriggan (shapeshifter) (D:15)
  A fire elemental (D:13)
  2 water elementals
  8 basilisks
  20 yaks
  A redback (Vaults:1)
  A sea snake simulacrum (Hell)
  7 vampire mosquitoes
  2 wargs (Orc:2)
  12 swamp worms
  A naga (Lair:3)
  An acid dragon (D:9)
  Duvessa (D:5)
  5 hell hounds
  16 water moccasins
  A two-headed ogre skeleton (Hell)
  3 swamp drakes (Swamp:4)
  17 orc warriors
  A swamp dragon zombie (Swamp:2)
  A fire dragon simulacrum (Hell)
  4 sky beasts
  An ice beast (D:7)
  An ettin simulacrum (Crypt:1)
  6 ogres
  9 small abominations (Lair:5)
  17 wolves
  16 centaurs
  A phantom (D:6)
  5 kobold brigands
  16 bullfrogs
  3 necrophages
  An earth elemental (Elf:1)
  A gnoll sergeant (D:7)
  A cane toad simulacrum (Lair:1)
  A scorpion (D:4)
  10 wights
  A yaktaur skeleton (Crypt:1)
  Dowan (D:5)
  3 killer bees
  2 troll zombies (D:11)
  2 electric eels
  5 howler monkeys
  A gnoll bouda (D:7)
  A water moccasin simulacrum (Lair:1)
  3 hounds
  2 jellies (D:6)
  3 komodo dragon simulacra (Lair:1)
  12 orc priests
  An iron imp (D:7)
  Jessica (D:3)
  Natasha (D:3)
  A boggart zombie (D:15)
  2 iguanas
  18 orc wizards
  7 hell rats
  2 yak simulacra (Lair:1)
  4 ogre zombies (D:11)
  Robin (D:4)
  4 gnolls (D:7)
  8 adders
  4 white imps
  3 worms
  2 dart slugs
  52 orcs
  3 ball pythons
  12 endoplasms
  A giant cockroach (D:1)
  11 goblins
  6 hobgoblins
  7 jackals
  2 quokkas
  2 training dummies (D:5)
  6 bats
  5 frilled lizards
  3 goblin skeletons
  5 goblin zombies
  5 hobgoblin zombies
  22 kobolds
  6 orc skeletons
  13 orc zombies
  5 rats
  2 fire vortices (Hell)
1011 creatures vanquished.

Vanquished Creatures (collateral kills)
  An ancient lich (Abyss:3)
  Bai Suzhen (Swamp:3)
  Geryon (Hell)
  Xtahua (Vaults:3)
  3 ancient champions (Crypt:1)
  A tentacled starspawn (Abyss:3)
  A daeva (Abyss:3)
  Roxanne (Swamp:2)
  2 orc warlords
  A fire giant (Vaults:1)
  A revenant (Vaults:3)
  3 vault wardens
  A curse skull (Crypt:1)
  A spriggan defender (Depths:2)
  2 ghouls (Crypt:1)
  2 stone giants
  The ghost of Dutif the Tainter, a journeyman OpVM of Sif Muna (Lair:5)
  2 very ugly things
  3 ironbound preservers
  A juggernaut skeleton (Crypt:1)
  An ironbound thunderhulk (Vaults:1)
  Azrael (D:13)
  4 bunyips
  A green death (Abyss:3)
  A great orb of eyes (Vaults:2)
  An ettin (Depths:2)
  A deep elf death mage (Crypt:1)
  2 jiangshi (Crypt:1)
  11 hydras
  3 yaktaur captains
  2 vault guards (Vaults:2)
  A rakshasa (Depths:1)
  A quicksilver dragon skeleton (Crypt:1)
  A ghost crab (Swamp:4)
  4 spriggan skeletons
  2 centaur warriors (D:8)
  A boulder beetle (D:15)
  A deep troll shaman (Depths:2)
  3 tengu warriors
  3 alligators (Swamp:2)
  5 death yaks (Lair:5)
  3 deep troll earth magi (Depths:2)
  A spriggan berserker (Depths:2)
  A hell hog (Depths:1)
  A vampire mage (Crypt:1)
  An orc high priest (Orc:2)
  6 thrashing horrors
  9 sun demons (Depths:1)
  3 wretched stars (Abyss:3)
  10 skeletal warriors
  4 goliath frogs
  An iron troll (Depths:2)
  A sixfirhy (Abyss:3)
  2 bunyip zombies (Swamp:2)
  6 spriggan druids
  7 deep trolls
  A death drake (Swamp:4)
  A death drake (shapeshifter) (D:8)
  7 swamp dragons (Swamp:4)
  10 bog bodies
  3 starcursed masses
  3 ironbound convokers (Vaults:1)
  A lindwurm (Vaults:3)
  3 necromancers
  A phantasmal warrior (Crypt:1)
  A shining eye (Depths:1)
  A mana viper (shapeshifter) (Vaults:1)
  An orc knight (Orc:2)
  A wolf spider zombie (D:15)
  An orc sorcerer (Orc:2)
  2 ugly things (Depths:1)
  2 will-o-the-wisps
  2 manticores (D:13)
  A cyclops (D:13)
  A guardian serpent (Abyss:3)
  5 centaur zombies (D:15)
  3 vault sentinels
  A torpor snail (Lair:5)
  3 smoke demons
  An orange demon (Abyss:3)
  A hellion (Abyss:2)
  A dire elephant skeleton (Crypt:1)
  A gargoyle (D:8)
  A black draconian zombie (Crypt:1)
  11 yaktaurs
  A rime drake (Lair:5)
  An alligator snapping turtle zombie (Crypt:1)
  A tengu conjurer (D:15)
  A silent spectre (Abyss:3)
  A freezing wraith (Vaults:3)
  2 ancient zymes (Lair:5)
  4 trolls
  A harpy zombie (D:15)
  4 tyrant leeches
  A troll (shapeshifter) (D:15)
  A hornet (shapeshifter) (D:8)
  13 hornets
  A blink frog (Lair:5)
  A slime creature (D:8)
  4 raiju (Abyss:3)
  A harpy skeleton (Crypt:1)
  A tarantella (shapeshifter) (D:13)
  An alligator zombie (Swamp:2)
  A shadow (Abyss:3)
  A dire elephant simulacrum (Crypt:1)
  6 large abominations
  2 centaur simulacra
  A ynoxinul (Lair:5)
  5 vampires
  22 spriggans
  3 wraiths
  3 fire elementals
  A neqoxec (Abyss:3)
  A chaos spawn (Lair:5)
  3 vampire mosquitoes
  A two-headed ogre zombie (Crypt:1)
  A warg (Orc:2)
  6 swamp worms
  A water moccasin (Lair:5)
  3 hell hounds (D:13)
  A lindwurm zombie (Crypt:1)
  4 swamp drakes (Swamp:4)
  14 orc warriors (Orc:2)
  A hornet zombie (D:15)
  An ice dragon simulacrum (Crypt:1)
  3 ogres (Orc:2)
  2 small abominations
  2 necrophages (Crypt:1)
  A deep troll simulacrum (Crypt:1)
  A spriggan zombie (Crypt:1)
  A howler monkey (D:8)
  An electric eel (Lair:5)
  8 orc priests (Orc:2)
  A quasit (Abyss:3)
  An iron imp (Abyss:3)
  7 orc wizards
  A howler monkey skeleton (Crypt:1)
  11 orcs (Orc:2)
  A hobgoblin skeleton (Crypt:1)
  A jackal skeleton (Crypt:1)
  A briar patch (Swamp:4)
  A fire vortex (Hell)
373 creatures vanquished.

Vanquished Creatures (others)
  An ice dragon (Hell)
  A bush (Lair:5)
  A creeping inferno (Hell)
  A demonic plant (Abyss:3)
  10 foxfires
  46 fungi
  299 plants
359 creatures vanquished.

Grand Total: 1743 creatures vanquished

Notes
Turn   | Place    | Note
-------+----------+-------------------------------------------
     0 | D:1      | GrandHerb the Minotaur Fighter began the quest for the Orb.
     0 | D:1      | Reached XP level 1. HP: 19/19 MP: 0/0
   105 | D:1      | Reached XP level 2. HP: 27/27 MP: 1/1
   262 | D:1      | You fall into a shaft and drop 1 floor!
   548 | D:1      | Reached skill level 1 in Dodging
   683 | D:2      | Reached XP level 3. HP: 33/33 MP: 2/2
   692 | D:2      | Upgraded the game from 0.29-a0-920-g5d2155ec51 to
                  | 0.29-a0-923-g6e406bff71
   749 | D:2      | Found a faded altar of an unknown god.
  1258 | D:2      | Noticed Sigmund
  1287 | D:3      | Found a stormy altar of Qazlal.
  1295 | D:3      | Reached skill level 1 in Invocations
  1314 | D:3      | Reached skill level 1 in Evocations
  1314 | D:3      | Reached XP level 4. HP: 39/40 MP: 3/3
  1399 | D:3      | Noticed Jessica
  1407 | D:3      | Killed Jessica
  1726 | D:3      | Noticed Natasha
  1735 | D:3      | Killed Natasha
  1736 | D:3      | Reached XP level 5. HP: 28/46 MP: 3/5
  1759 | D:3      | Found a glowing drain.
  1768 | Sewer    | Entered a sewer
  1905 | Sewer    | Noticed a water moccasin
  1913 | Sewer    | Killed a water moccasin
  2097 | D:3      | Reached XP level 6. HP: 50/53 MP: 6/6
  2505 | D:2      | Killed Sigmund
  2720 | D:4      | Noticed Robin
  2731 | D:4      | Killed Robin
  2849 | D:4      | Reached XP level 7. HP: 60/60 MP: 7/7
  2874 | D:4      | Found a burning altar of Makhleb.
  2881 | D:4      | Noticed a cacodemon
  2902 | D:4      | Found a shimmering blue altar of Sif Muna.
  2911 | D:4      | Reached skill level 5 in Shields
  2922 | D:4      | Reached skill level 5 in Armour
  3206 | D:4      | Found a shimmering altar of Xom.
  3630 | D:5      | Entered Level 5 of the Dungeon
  3701 | D:5      | Noticed Pikel
  3710 | D:5      | Killed Pikel
  3711 | D:5      | Reached skill level 5 in Fighting
  3711 | D:5      | Reached XP level 8. HP: 63/69 MP: 7/9
  3733 | D:5      | Found an ornate altar of the Wu Jian Council.
  4016 | D:5      | Reached skill level 5 in Polearms
  4076 | D:5      | Noticed Duvessa
  4076 | D:5      | Noticed Dowan
  4083 | D:5      | Killed Duvessa
  4098 | D:5      | Killed Dowan
  4306 | D:5      | Found the amulet of Elemental Vulnerability {rPois rF--
                  | rC-- AC+8}
  4315 | D:5      | Found a staircase to the Ecumenical Temple.
  4343 | Temple   | Entered the Ecumenical Temple
  4375 | Temple   | Became a worshipper of Zin the Law-Giver
  4375 | Temple   | Reached * piety under Zin
  4742 | D:6      | Reached ** piety under Zin
  4901 | D:6      | Found a hide-covered altar of Uskayaw.
  5392 | D:7      | Found a radiant altar of Vehumet.
  5482 | D:7      | Found a glowing golden altar of the Shining One.
  5485 | D:7      | Reached *** piety under Zin
  5587 | D:7      | Noticed a two-headed ogre
  5587 | D:7      | Noticed a deep elf pyromancer
  5587 | D:7      | Noticed a two-headed ogre
  5597 | D:7      | Reached XP level 9. HP: 73/77 MP: 11/11
  5597 | D:7      | Noticed a manticore
  5836 | D:7      | Paralysed by a hornet for 1 turns
  5847 | D:6      | HP: 2/77 [hornet (12)]
  5847 | D:6      | Paralysed by a hornet for 1 turns
  6203 | D:7      | Reached skill level 5 in Dodging
  6417 | D:6      | Killed a deep elf pyromancer
  6649 | D:7      | Killed a two-headed ogre
  6650 | D:7      | Reached skill level 5 in Invocations
  6889 | D:7      | Reached XP level 10. HP: 86/86 MP: 12/12
  6982 | D:7      | Killed a manticore
  7243 | D:7      | Reached skill level 5 in Evocations
  7254 | D:7      | Killed a two-headed ogre
  7507 | D:7      | Reached **** piety under Zin
  8182 | D:8      | Noticed Amaemon
  8182 | D:8      | Noticed an orange demon
  8287 | D:7      | Fell from the grace of Zin
  8287 | D:7      | Became a worshipper of the Shining One
  8287 | D:7      | Reached * piety under the Shining One
  8287 | D:7      | Reached ** piety under the Shining One
  8323 | D:8      | Killed an orange demon
  8502 | D:8      | Noticed a brown ugly thing
  8502 | D:8      | Noticed a black mamba
  8502 | D:8      | Noticed a gargoyle
  8503 | D:8      | Noticed a centaur warrior
  8503 | D:8      | Noticed a centaur warrior
  8503 | D:8      | Noticed a two-headed ogre
  8512 | D:8      | Noticed Maurice
  8521 | D:8      | Noticed a harpy
  8540 | D:8      | Killed Maurice
  8563 | D:8      | Found a large runed translucent door.
  8564 | D:8      | Found a large runed translucent door.
  8614 | D:8      | Found an opulent altar of Gozag.
  8625 | D:8      | Found an ancient bone altar of Kikubaaqudgha.
  8733 | D:8      | Killed Amaemon
  8891 | D:8      | Reached XP level 11. HP: 95/95 MP: 14/14
  9598 | D:9      | Found a staircase to the Lair.
  9660 | Lair:1   | Entered Level 1 of the Lair of Beasts
 10769 | Lair:1   | Reached *** piety under the Shining One
 11096 | Lair:1   | Found a runed translucent gate.
 11451 | Lair:1   | Noticed Garessta's ghost (journeyman OpSu)
 11476 | Lair:1   | Found a runed translucent gate.
 11476 | Lair:1   | Found a runed translucent gate.
 11630 | Lair:1   | Identified the +2 helmet "Orea" {rElec rF+ Dex-5}
 11708 | Lair:1   | Killed Garessta's ghost
 11713 | Lair:1   | Reached XP level 12. HP: 56/106 MP: 16/16
 12010 | Lair:2   | Reached skill level 10 in Armour
 12278 | Lair:2   | Reached skill level 10 in Fighting
 12447 | Lair:2   | Found a staircase to the Swamp.
 12480 | Lair:2   | You fall into a shaft and drop 2 floors!
 12512 | Lair:4   | Reached skill level 10 in Shields
 13145 | Lair:4   | Reached skill level 10 in Polearms
 14773 | Lair:3   | Noticed a catoblepas
 14798 | Lair:3   | Killed a catoblepas
 15128 | Lair:3   | Found a staircase to the Snake Pit.
 15129 | Lair:3   | Reached **** piety under the Shining One
 15191 | Lair:3   | Reached XP level 13. HP: 75/115 MP: 18/18
 16016 | Swamp:1  | Entered Level 1 of the Swamp
 16350 | Lair:5   | Entered Level 5 of the Lair of Beasts
 18741 | Lair:5   | Found a staircase to the Slime Pits.
 18931 | Lair:5   | Reached skill level 10 in Dodging
 20431 | Lair:5   | Reached ***** piety under the Shining One
 20611 | Lair:5   | Reached XP level 14. HP: 66/125 MP: 20/20
 21061 | Lair:5   | Found a corrupted altar of Lugonu.
 21061 | Lair:5   | Found a one-way gate to the infinite horrors of the Abyss.
 21221 | Lair:5   | Found a runed translucent door.
 21235 | Lair:5   | Noticed Dutif's ghost (journeyman OpVM)
 21247 | Lair:5   | Killed Dutif's ghost
 21519 | D:10     | Entered Level 10 of the Dungeon
 21607 | D:10     | Found a sacrificial altar of Ru.
 21607 | D:10     | Found a white marble altar of Elyvilon.
 21621 | D:10     | Found a shadowy altar of Dithmenos.
 21623 | D:10     | Found a basalt altar of Yredelemnul.
 21624 | D:10     | Found a faded altar of an unknown god.
 21841 | D:10     | Noticed Nergalle
 21864 | D:10     | Killed Nergalle
 21917 | D:10     | Found a sparkling altar of Nemelex Xobeh.
 21932 | D:10     | Noticed Harold
 21933 | D:10     | Found Pounobar's Changing Room.
 21946 | D:10     | Killed Harold
 22251 | D:11     | Found a staircase to the Orcish Mines.
 22569 | D:11     | Reached ****** piety under the Shining One
 22681 | D:11     | Reached skill level 10 in Invocations
 22765 | Orc:1    | Entered Level 1 of the Orcish Mines
 23162 | Orc:2    | Entered Level 2 of the Orcish Mines
 23183 | Orc:2    | Noticed an orc warlord
 23357 | Orc:1    | Killed an orc warlord
 23616 | Orc:2    | Paralysed by an orc sorcerer for 4 turns
 23889 | Orc:2    | Noticed Urug
 23900 | Orc:2    | Killed Urug
 23958 | Orc:2    | Noticed an orc warlord
 23977 | Orc:2    | Killed an orc warlord
 24111 | Orc:2    | Found Ujouc's Jewellery Boutique.
 24116 | Orc:2    | Found Sihos's Antique Weapon Boutique.
 24248 | Orc:2    | Found a staircase to the Elven Halls.
 24290 | Orc:2    | Found Doitzero's Antique Armour Boutique.
 24358 | Orc:2    | Noticed an orc warlord
 24381 | Orc:2    | Killed an orc warlord
 24464 | Orc:2    | Found Vuaxt's Antique Armour Shoppe.
 24473 | Orc:2    | Bought a pair of embroidered gloves for 195 gold pieces
 24701 | Orc:2    | Found Guca's General Store.
 24768 | Elf:1    | Entered Level 1 of the Elven Halls
 24896 | Orc:1    | Reached XP level 15. HP: 134/134 MP: 21/21
 25156 | D:11     | Found Tuomp's Assorted Antiques.
 25517 | D:11     | Found a shadowy altar of Dithmenos.
 27422 | D:13     | Found a runed translucent door.
 28029 | D:13     | Noticed Azrael
 28042 | D:13     | Killed Azrael
 28062 | D:13     | Found a gate to the Vaults.
 28380 | D:13     | Reached skill level 10 in Evocations
 29458 | Abyss:2  | Found a candlelit altar of Ignis.
 29458 | Abyss:2  | Cast into level 2 of the Abyss (a wizard)
 29602 | Abyss:2  | Noticed a daeva
 29606 | D:14     | Escaped the Abyss
 30551 | D:14     | Identified the +0 pair of boots of Tenacity {-Tele Rampage
                  | Dex+4 Slay+5}
 30655 | D:14     | Identified the +4 hand axe of Tomorrow {freeze, Will+}
 30676 | D:14     | Noticed Rupert
 30694 | D:14     | Killed Rupert
 31308 | D:15     | Entered Level 15 of the Dungeon
 31952 | D:15     | Reached XP level 16. HP: 145/145 MP: 23/23
 32211 | D:15     | Found a staircase to the Depths.
 34315 | Swamp:2  | Noticed Roxanne
 34324 | Swamp:2  | Noticed Frances
 34338 | Swamp:2  | Killed Roxanne
 34347 | Swamp:2  | Killed Frances
 34463 | Swamp:3  | Noticed Aizul
 34476 | Swamp:3  | Killed Aizul
 34477 | Swamp:3  | Reached XP level 17. HP: 73/154 MP: 5/25
 34480 | Swamp:3  | Noticed Bai Suzhen
 34976 | Swamp:3  | Killed Bai Suzhen
 35145 | Swamp:3  | Reached skill level 15 in Armour
 35360 | Swamp:4  | Entered Level 4 of the Swamp
 36055 | Swamp:4  | Reached skill level 15 in Fighting
 36208 | Swamp:4  | Reached skill level 15 in Shields
 36210 | Swamp:4  | Reached skill level 15 in Polearms
 36475 | Swamp:4  | Found a transporter.
 36475 | Swamp:4  | Noticed Jano's ghost (adept DsHu)
 36496 | Swamp:4  | Found a transporter.
 36506 | Swamp:4  | Noticed a tentacled monstrosity
 36884 | Swamp:4  | Got a decaying rune of Zot
 37516 | Lair:2   | Gained mutation: You occasionally lose the ability to read
                  | scrolls when taking damage. [potion of mutation]
 37517 | Lair:2   | Lost mutation: You occasionally lose the ability to read
                  | scrolls when taking damage. [potion of mutation]
 37517 | Lair:2   | Gained mutation: You have large cloven feet. [potion of
                  | mutation]
 37517 | Lair:2   | Gained mutation: You expend magic power (3 MP) to
                  | strengthen your wands. [potion of mutation]
 37517 | Lair:2   | Gained mutation: You have an increased reservoir of magic.
                  | (+10% MP) [potion of mutation]
 37518 | Lair:2   | Lost mutation: You have large cloven feet. [potion of
                  | mutation]
 37518 | Lair:2   | Lost mutation: You have an increased reservoir of magic.
                  | (+10% MP) [potion of mutation]
 37518 | Lair:2   | Gained mutation: You have supernaturally acute eyesight.
                  | (SInv) [potion of mutation]
 37518 | Lair:2   | Gained mutation: Your muscles are strong. (Str +4, Int/Dex
                  | -1) [potion of mutation]
 37518 | Lair:2   | Gained mutation: You are frail. (-10% HP) [potion of
                  | mutation]
 37519 | Lair:2   | Lost mutation: You are frail. (-10% HP) [potion of
                  | mutation]
 37519 | Lair:2   | Lost mutation: Your muscles are strong. (Str +4, Int/Dex
                  | -1) [potion of mutation]
 37519 | Lair:2   | Lost mutation: You expend magic power (3 MP) to strengthen
                  | your wands. [potion of mutation]
 37519 | Lair:2   | Gained mutation: You are agile. (Dex +4, Str/Int -1)
                  | [potion of mutation]
 37519 | Lair:2   | Gained mutation: You have sharp toenails. [potion of
                  | mutation]
 37519 | Lair:2   | Gained mutation: Your system is resistant to poisons.
                  | (rPois) [potion of mutation]
 37672 | Vaults:1 | Entered Level 1 of the Vaults
 37756 | Vaults:1 | Paralysed by a great orb of eyes for 4 turns
 39564 | Vaults:1 | Reached XP level 18. HP: 44/166 MP: 26/26
 42889 | Vaults:2 | Paralysed by a great orb of eyes for 2 turns
 43089 | Abyss:3  | Cast into level 3 of the Abyss (vault warden)
 43167 | Abyss:3  | Lost intelligence.
 43284 | Abyss:3  | Noticed an ancient lich
 43290 | Abyss:3  | Killed an ancient lich
 43440 | Vaults:2 | Escaped the Abyss
 45834 | Vaults:3 | Reached XP level 19. HP: 152/174 MP: 25/28
 45846 | Vaults:3 | Found Vavacl Nezo's Armour Boutique.
 45990 | Vaults:3 | Found a portal to a secret trove of treasure.
 46224 | Vaults:3 | Reached skill level 15 in Dodging
 46949 | Vaults:3 | Noticed Xtahua
 46965 | Vaults:3 | Killed Xtahua
 47988 | Vaults:3 | Found a staircase to the Crypt.
 48454 | Crypt:1  | Entered Level 1 of the Crypt
 48504 | Crypt:1  | Noticed Frederick
 48536 | Crypt:1  | Killed Frederick
 49738 | Depths:1 | Entered Level 1 of the Depths
 50279 | Depths:1 | Identified the +0 plate armour of Pifu {Harm rElec rPois
                  | Dex-3}
 51258 | Depths:1 | Found a hazy altar of Hepliaklqana.
 51885 | Depths:1 | Reached XP level 20. HP: 63/184 MP: 29/29
 52094 | Depths:1 | Identified the +1 robe "Tuedunuf" {Str+4 Int+3 SInv Stlth-}
 52409 | Depths:1 | Identified the +2 hat "Duhuge" {Harm rElec rN+}
 52649 | Depths:1 | Found a gateway to Hell.
 52844 | Hell     | Entered the Vestibule of Hell
 52844 | Hell     | Noticed Geryon
 53691 | Hell     | Killed Geryon
 54496 | Hell     | Found a gateway to the ashen valley of Gehenna.
 54594 | Hell     | Found a gateway to the freezing wastes of Cocytus.
 55288 | Hell     | Found a gateway to the Iron City of Dis.
 55524 | Hell     | Found a gateway to the decaying netherworld of Tartarus.
 55603 | Depths:2 | Found a one-way gate leading to the halls of Pandemonium.
 55972 | Depths:2 | Reached skill level 15 in Invocations
 56984 | Depths:2 | HP: 6/187 [deep troll (24)]
 56984 | Depths:2 | Mangled by a deep troll

Illustrated notes

Levels and vault maps discovered:
D:1:      dpeg_arrival_connections, layout_basic, minmay_pentomino_z2
D:2:      layout_basic, ebering_ecumenical_altar_abandoned,
          corexii_leaking_fountain, uniq_sigmund
D:3:      layout_loops_corners, nicolae_qazlal_general_emergency,
          cheibrodos_sewer_entry_bend, kennysheep_generic_room_14, uniq_natasha,
          uniq_jessica
D:4:      layout_basic, makhleb_altar_promises_db,
          mainiacjoe_overflow_small_starburst, mainiacjoe_overflow_catwalk,
          minmay_stone_trees_small, uniq_robin
D:5:      dreamdust_elfheim, layout_basic, mainiacjoe_overflow_six_doors_small,
          minmay_temple_entry_antechambers, hangedman_decor_lopped,
          uniq_duvessa, uniq_pikel
D:6:      layout_cave_pools, nicolae_overflow_crystal_walls
D:7:      layout_rooms, nicolae_tso_besieged_by_evil,
          mainiacjoe_overflow_boulevard, minmay_the_grid_2x2
          [minmay_the_grid_outer_diamond, minmay_the_grid_rooms,
          minmay_the_grid_box_x, minmay_the_grid_prize_big_room]
D:8:      minmay_s_stair_smasher, layout_rooms, jmf_multi_god_temple2,
          minivault_12, uniq_maurice, uniq_amaemon
D:9:      layout_rooms, lair_entry_dummy, kennysheep_generic_room_6
D:10:     layout_roguey, kennysheep_mini, chequers_temple_overflow_minitemple,
          nicolae_transmutations_shop, uniq_nergalle, uniq_harold
D:11:     layout_basic, zombieorc1_lemuel, serial_shops, kennysheep_mini_moat,
          grunt_dithmenos_smoke
D:12:     layout_loops_corners, serial_aquarium, aquarium_bridge_square
          [aquarium_subvault_bridge, aquarium_subvault_wall,
          aquarium_subvault_wall, aquarium_subvault_window], aquarium_window_1,
          aquarium_window_fake, aquarium_view_2c, aquarium_view_2c,
          aquarium_balcony_double_1, aquarium_pool_four
D:13:     minmay_inside_and_out, layout_long_grid, david_vaults_2,
          lightli_airlock, uniq_azrael
D:14:     layout_basic, serial_rivers, chequers_serial_rivers_micro_d,
          chequers_serial_rivers_small_a, chequers_serial_rivers_small_b,
          chequers_serial_rivers_large_b, chequers_serial_rivers_marsh,
          uniq_rupert
D:15:     grunt_enter_depths_snipers, layout_long_grid, serial_undead,
          serial_undead_a, serial_undead_a, serial_undead_c, serial_undead_b,
          serial_undead_c
Temple:   hellmonk_temple_two_chambers
Lair:1:   layout_regular_city, gammafunk_ghost_icy, grunt_megastairs_5
Lair:2:   layout_hall_layers, minmay_swamp_entry_worms,
          cheibrodos_lair_reptile_den
Lair:3:   layout_cave_shapes, guppyfry_snake_entry_island, beast_lair_carwin_3,
          grunt_megastairs_2
Lair:4:   minmay_lair_oklob_tunnel, layout_regular_city, grunt_megastairs_3,
          serial_bayou_shore_b, infiniplex_staircase_pool
Lair:5:   hellmonk_lair_end_abyssal_woods, layout_gridlike, slime_entry_1,
          ebering_ghost_inner_flame, special_room [special_room_mythical_zoo],
          dreamdust_mushroom_princess
Swamp:1:  layout_falls_marsh, evilmike_swamp_ruin_house_2,
          nzn_swamp_dancing_lights
Swamp:2:  nicolae_swamp_long_stream, layout_basic_swamp,
          evilmike_swamp_ruin_house_6, swamp_pool1,
          nicolae_swamp_necromancer_hut, uniq_roxanne, uniq_frances
Swamp:3:  layout_basic_swamp, hangedman_swamp_ruin_wall, uniq_bai_suzhen,
          uniq_aizul
Swamp:4:  grunt_swamp_rune_castle, layout_basic_swamp, gammafunk_ghost_arena,
          swamp_pool1
Orc:1:    layout_caves
Orc:2:    grunt_orc_cross, layout_caves, special_room, serial_shops, shop
Elf:1:    minmay_shoctagon, layout_gridlike, orc_legates, minivault_8
Vaults:1: st_more_cells, hangedman_vaults_nails, v_misc_15, vaults_dpeg_cross,
          nicolae_vaults_ninety_degrees, ontoclasm_vaults_pinch, v_pattern_3,
          ontoclasm_vaults_ring_large, v_misc_13, v_misc_18,
          layout_vaults_big_room
Vaults:2: nicolae_vaults_hallways_thing, v_misc_26,
          nicolae_vaults_inception_corners, v_misc_16,
          hangedman_vaults_capsules, v_misc_2, ontoclasm_vaults_tryst,
          vaults_dpeg_diagonal, nicolae_vaults_network_s,
          nicolae_vaults_mini_display_case, grunt_vaults_hallway_short,
          vaults_room_fancy_cross, ontoclasm_vaults_decontamination,
          layout_vaults_omnicross
Vaults:3: minmay_crypt_entry_simple_plaza, vaults_room_boxed, v_misc_29,
          v_misc_16, ontoclasm_vaults_twist, ontoclasm_vaults_misaligned,
          nicolae_vaults_little_squares_3, layout_vaults_omnigrid, serial_shops,
          nicolae_square_shop, enter_trove_6, uniq_xtahua
Crypt:1:  layout_chaotic_city, uniq_frederick
Depths:1: layout_forbidden_donut, nicolae_hepliaklqana_hazy_memory,
          nicolae_hell_entry_hellmouth_sunbeams, chequers_hall_statues_y,
          minmay_misc_feat_chi, chequers_serial_rivers_micro_c,
          grunt_ministairs_11, reono_crystal_passage,
          amcnicky_mini_corridor_feature, fake_guardian_serpent_vault
Depths:2: minmay_spriggan_fort, layout_twisted_cross, enter_ziggurat_b,
          nemelex_xobeh_ov_fountains_minmay, pan_entry,
          grunt_hell_entry_dis_old, mu_enter_wizlab_3
Hell

Skill      XL: |  1  2  3  4  5  6  7  8  9 10 11 12 13 14 15 16 17 18 19 20 |
---------------+-------------------------------------------------------------+-----
Dodging        | 1 2 3 4 5 6 8 9 10 11 12 13 14 15 16 | 16.4
Polearms       | 3 4 5 7 8 9 10 11 12 13 14 15 16 17 18 | 18.0
Armour         | 4 5 6 7 8 9 10 11 12 13 14 15 16 17 18 | 18.2
Shields        | 4 5 6 7 8 9 10 11 12 13 14 15 16 17 | 17.9
Fighting       | 4 5 6 7 8 9 10 11 12 13 14 15 16 17 18 | 18.1
Invocations    | 1 2 3 4 5 6 7 8 9 10 11 12 13 14 15 | 15.1
Evocations     | 1 2 3 4 5 6 7 8 9 10 11 12 13 | 13.8

Action                   |  1- 3 |  4- 6 |  7- 9 | 10-12 | 13-15 | 16-18 | 19-21 || total
-------------------------+-------+-------+-------+-------+-------+-------+-------++-------
Melee: Trident           |   101 |   108 |   289 |   747 |  1749 |  1407 |  1466 ||  5867
       Headbutt          |     8 |    18 |    57 |   220 |   591 |   515 |   619 ||  2028
Invok: Recite            |       |       |     4 |     1 |       |       |       ||     5
       Divine Shield     |       |       |       |     1 |     1 |     1 |       ||     3
       Summon Divine War |       |       |       |       |     7 |    23 |    10 ||    40
       Cleansing Flame   |       |       |       |       |     4 |    15 |    20 ||    39
Evoke: Wand              |       |     3 |     8 |    27 |     3 |    14 |     4 ||    59
       Lightning rod     |       |       |       |       |     2 |     5 |     4 ||    11
       Phial of floods   |       |       |       |       |       |     2 |     2 ||     4
  Use: Scroll            |     1 |     4 |       |     6 |     7 |    18 |     5 ||    41
       Potion            |       |       |     3 |     1 |     5 |    21 |    15 ||    45
Armor: Scale mail        |    55 |    30 |    98 |   225 |   136 |       |       ||   544
       Chain mail        |       |       |       |       |   264 |   377 |   334 ||   975
Dodge: Dodged            |    47 |    50 |   182 |   419 |   725 |   625 |   558 ||  2606
Block: Buckler           |    23 |    15 |    65 |   211 |   380 |    12 |       ||   706
       Kite shield       |       |       |       |       |       |   771 |    64 ||   835
       Tower shield      |       |       |       |       |       |       |  1215 ||  1215

Table legend: (Time is in decaauts)
 A = Elapsed time spent in this place.
 B = Non-inter-level travel time spent in this place.
 C = Inter-level travel time spent in this place.
 D = Time resting spent in this place.
 E = Time spent auto-exploring this place.
 F = Levels seen in this place.
 G = Mean time per level.
                   A        B        C        D        E       F      G
               +--------+--------+--------+--------+--------+-----+--------+
         Total |  55674 |  51442 |   4232 |  24042 |    419 |  38 | 1465.1 |
       Dungeon |  19288 |  17126 |   2162 |   5990 |    219 |  15 | 1285.9 |
        Temple |     38 |     38 |      0 |      0 |      0 |   1 |   38.0 |
          Lair |  11837 |  11216 |    621 |   6430 |      0 |   5 | 2367.4 |
         Swamp |   4046 |   3812 |    234 |   1633 |    164 |   4 | 1011.5 |
  Orcish Mines |   2018 |   1955 |     63 |    659 |      0 |   2 | 1009.0 |
   Elven Halls |     53 |     53 |      0 |      0 |      0 |   1 |   53.0 |
        Vaults |  10223 |   9222 |   1001 |   5104 |      0 |   3 | 3407.7 |
         Crypt |    726 |    681 |     45 |      0 |      0 |   1 |  726.0 |
        Depths |   5363 |   5296 |     67 |   3462 |     36 |   2 | 2681.5 |
          Hell |   1249 |   1211 |     38 |    517 |      0 |   1 | 1249.0 |
         Abyss |    495 |    495 |      0 |     63 |      0 |   2 |  247.5 |
         Sewer |    333 |    333 |      0 |    182 |      0 |   1 |  333.0 |
               +--------+--------+--------+--------+--------+-----+--------+

Top non-repeatable levels by time:
Depths:1: 4658 daAuts
  Lair:4: 4274 daAuts
Vaults:1: 4073 daAuts
Vaults:2: 3453 daAuts
  Lair:5: 2969 daAuts
Vaults:3: 2695 daAuts
    D:14: 2241 daAuts
  Lair:1: 2155 daAuts
    D:13: 2037 daAuts
 Swamp:4: 1691 daAuts
     D:6: 1565 daAuts
    D:12: 1554 daAuts
  Lair:2: 1553 daAuts
    D:11: 1490 daAuts
     D:7: 1478 daAuts
